 Dungeon Crawl Stone Soup version 0.31-a0-868-g674d60d6f7 (webtiles) character file.

Game seed: 16937690243298333151

49 LeprechaunX the Changeling (level 3, 0/23 HPs)
             Began as an Octopode Shapeshifter on Oct 11, 2023.
             Succumbed to an adder's poison
             ... on level 3 of the Dungeon.
             The game lasted 00:01:35 (1564 turns).

LeprechaunX the Changeling (Octopode Shapeshifter)  Turns: 1564, Time: 00:01:36

Health: 0/23       AC:  1    Str: 12 (15) XL:     3   Next: 77%
Magic:  3/3        EV: 13    Int: 10 (12) God:
Gold:   78         SH:  0    Dex: 10 (11) Spells: 2/2 levels left

rFire   . .          .
                       - Unarmed
rCold   . . .        (no shield)
rNeg    . . .        (helmet currently unavailable)
rPois   .            (no amulet)
rElec   .            j - ring of resist corrosion
rCorr   +            (no ring)
SInv    .            (no ring)
Will    .....        (no ring)
Stlth   ++           (no ring)
HPRegen 0.23/turn    (no ring)
MPRegen 0.08/turn    (no ring)
                     (no ring)

%: no passive effects
@: lethally poisoned (0 -> -5), beast-form
A: beast (slay +2), almost no armour, amphibious, 8 rings, camouflage 1,
gelatinous body 1, (nimble swimmer 1), tentacles
a: Begin Untransformation


You were on level 3 of the Dungeon.
You were a hulking beast.
You visited 1 branch of the dungeon, and saw 3 of its levels.

You collected 78 gold pieces.

Inventory:

Hand Weapons
 a - a +0 sling
Jewellery
 j - a ring of resist corrosion (left tentacle)
Talismans
 b - a beast talisman (active)
 c - a flux talisman
Scrolls
 d - a scroll of amnesia {unknown}
 f - a scroll of identify {unknown}
 h - a scroll of fog {unknown}
 i - a scroll of poison {unknown}
 l - a scroll of torment {unknown}
Potions
 g - a potion of lignification
 k - a potion of enlightenment {unknown}


   Skills:
 + Level 1.6 Fighting
 + Level 2.4 Dodging
 + Level 3.3 Unarmed Combat
 * Level 3.6 Shapeshifting


You had 2 spell levels left.
You didn't know any spells.
Your spell library contained the following spells:

 Spells                   Type           Power      Damage    Failure   Level
 Blink                    Tloc           0%         N/A       50%         2
 Lesser Beckoning         Tloc           0%         N/A       50%         2
 Momentum Strike          Conj/Tloc      0%         3d8       50%         2


Dungeon Overview and Level Annotations

Branches:
Dungeon (3/15)

Altars:


Innate Abilities, Weirdness & Mutations

You are a hulking beast.
Your limbs bulge with bestial killing power. (Slay +2)
You cannot wear most types of armour.
You are amphibious.
You can wear up to eight rings at the same time.
Your skin changes colour to match your surroundings (Stealth+).
Your rubbery body absorbs attacks. (AC +1, EV +1)
((You are camouflaged when in or above water. (Stealth+)))
You have tentacles for arms and can constrict up to eight enemies at once.


Message History

You are too injured to fight recklessly!
You are too injured to fight recklessly!
You are too injured to fight recklessly!
You are too injured to fight recklessly!
You are too injured to fight recklessly!
You are too injured to fight recklessly!
You are too injured to fight recklessly!
You are too injured to fight recklessly!
You are too injured to fight recklessly!
You are too injured to fight recklessly!
You are too injured to fight recklessly!
You are too injured to fight recklessly!
You are too injured to fight recklessly!
You are too injured to fight recklessly!
Unknown command.
You barely miss the adder.
The adder is lightly wounded.
You constrict the adder, but do no damage.
You feel sick. The adder bites you. x2
* * * LOW HITPOINT WARNING * * *
Unknown command.
You closely miss the adder. Your grab misses the adder.
Your tentacle-slap misses the adder.
You constrict the adder.
You feel sick. The adder bites you.
* * * LOW HITPOINT WARNING * * *
The adder bites you.
* * * LOW HITPOINT WARNING * * *
You are more poisoned.
The adder poisons you! The adder closely misses you.
You bludgeon the adder!
The adder is almost dead.
You constrict the adder.
You kill the adder!
* * * LOW HITPOINT WARNING * * *
You feel sick. The adder barely misses you.
Unknown command.
It was a potion of degeneration.
There was something very wrong with that liquid.
You feel weakened.
You feel dopey.
You feel clumsy.
You die...

#. ..# #.. #.#
## ..## #?#
... ... #.#
#..##.##.#
##........#
..........##
#†h..?#
......S.#..#
...#....#..# .
#.##.#..# #.#
#.##.#..#####
#######.#
............#
#..<....#
##.#########.#
#.##....# #.#
#.##.##.# #.#


You could see an adder.

Vanquished Creatures
  An adder (D:3)
  A dart slug (D:2)
  2 endoplasms (D:2)
  A giant cockroach (D:1)
  2 goblins (D:1)
  5 hobgoblins
  8 ball pythons
  5 bats
  3 frilled lizards
  6 kobolds
  3 rats (D:1)
37 creatures vanquished.

Notes
Turn   | Place    | Note
-------+----------+-------------------------------------------
     0 | D:1      | LeprechaunX the Octopode Shapeshifter began the quest for
                  | the Orb.
     0 | D:1      | Reached XP level 1. HP: 13/13 MP: 1/1
   147 | D:1      | Reached XP level 2. HP: 15/18 MP: 2/2
   564 | D:1      | Reached XP level 3. HP: 23/23 MP: 3/3
  1563 | D:3      | HP: 1/23 [poisoned by an adder]
  1564 | D:3      | Succumbed to an adder's poison

Illustrated notes

Levels and vault maps discovered:
D:1:      sevenhm_arrival_forest_fort_small_4, layout_basic
D:2:      layout_loops_cross, nicolae_kite_square_tiling_tiny
D:3:      layout_loops_cross, mainiacjoe_overflow_swirl, uniq_ijyb

Action                     || total
---------------------------++-------
  Melee: Unarmed           ||    65
         Constrict         ||    15
         Tentacles         ||     8
    Use: Potion            ||     1
   Stab: Sleeping          ||     8
 Armour: Skin              ||    33
  Dodge: Dodged            ||    35

Table legend: (Time is in decaauts)
 A = Elapsed time spent in this place.
 B = Non-inter-level travel time spent in this place.
 C = Inter-level travel time spent in this place.
 D = Time resting spent in this place.
 E = Time spent auto-exploring this place.
 F = Levels seen in this place.
 G = Mean time per level.
                   A        B        C        D        E       F      G
               +--------+--------+--------+--------+--------+-----+--------+
         Total |   1559 |   1479 |     80 |      0 |   1238 |   3 |  519.7 |
       Dungeon |   1559 |   1479 |     80 |      0 |   1238 |   3 |  519.7 |
               +--------+--------+--------+--------+--------+-----+--------+

Top non-repeatable levels by time:
     D:1: 873 daAuts
     D:2: 595 daAuts
     D:3: 91 daAuts
